 Dungeon Crawl Stone Soup version 0.32-a0-593-g85ff8e36a1 (webtiles) character file.

Game seed: 2815952182547245568

8303 Drazool the Skirmisher (level 11, -1/79 HPs)
             Began as a Coglin Hunter on Mar 2, 2024.
             Was a Follower of Okawaru.
             Slain by a red ugly thing (12 damage)
             ... on level 10 of the Dungeon.
             The game lasted 00:34:18 (10841 turns).

Drazool the Skirmisher (Coglin Hunter)             Turns: 10841, Time: 00:34:19

Health: -1/79      AC:  9    Str: 12    XL:     11   Next: 28%
Magic:  11/11      EV: 16    Int:  8    God:    Okawaru [*.....]
Gold:   144        SH:  0    Dex: 22    Spells: 10/10 levels left

rFire   . . .        a - +2 sling {Gabriela}
rCold   . . .        d - +0 sling {Dagmar}
rNeg    . . .        D - +2 robe {Will+}
rPois   .            L - +0 helmet
rElec   .            C - +0 cloak
rCorr   .            c - +0 pair of gloves {infuse}
SInv    .            x - +1 pair of boots
Will    +....        (amulet unavailable)
Stlth   ++           (ring unavailable)
HPRegen 0.33/turn    (ring unavailable)
MPRegen 0.12/turn    (no gizmo)

%: infuse magic (1 MP)
@: mighty, revved
A: off-hand wielding, slow wielding, warmup strikes, no jewellery
a: Invent Gizmo, Renounce Religion, Heroism


You were on level 10 of the Dungeon.
You worshipped Okawaru.
Okawaru was aware of your devotion.
You visited 2 branches of the dungeon, and saw 11 of its levels.
You also visited: Ossuary.

You collected 528 gold pieces.
You spent 384 gold pieces at shops.


Innate Abilities, Weirdness & Mutations

You can wield a second weapon in your off-hand.
It takes a long time for you to wield or remove held weapons.
Your first few attacks do less damage.
You cannot equip rings or amulets.


   Skills:
 - Level 5.0 Fighting
 - Level 14.3 Ranged Weapons
 - Level 6.0 Dodging
 - Level 0.7 Stealth
 + Level 0.4 Invocations


You had 10 spell levels left.
You didn't know any spells.
Your spell library contained the following spells:

 Spells                   Type           Power      Damage    Failure   Level
 Shock                    Conj/Air       0%         1d3       41%         1
 Cigotuvi's Dreadful Rot  Necr/Alch/Air  0%         N/A       54%         2
 Sublimation of Blood     Necr           0%         N/A       54%         2
 Gell's Gravitas          Tloc           0%         N/A       78%         3
 Swiftness                Air            0%         N/A       78%         3
 Teleport Other           Tloc           0%         N/A       78%         3
 Airstrike                Air            0%         2d(0-16)  99%         4
 Dispel Undead            Necr           0%         3d6       99%         4
 Ignite Poison            Fire/Alch      0%         N/A       99%         4
 Leda's Liquefaction      Alch/Erth      0%         N/A       99%         4
 Manifold Assault         Tloc           0%         N/A       99%         4
 Freezing Cloud           Conj/Ice/Air   0%         6-21      100%        5
 Lee's Rapid Deconstruct  Erth           0%         3d4*      100%        5
 Bombard                  Conj/Erth      0%         9d1       100%        6
 Dispersal                Tloc           0%         N/A       100%        6
 Disjunction              Tloc           0%         N/A       100%        8
 Call Imp                 Summ           Unusable   N/A       N/A         2
 Martyr's Knell           Necr/Summ      Unusable   N/A       N/A         4
 Death Channel            Necr           Unusable   N/A       N/A         6
 Summon Hydra             Summ           Unusable   N/A       N/A         7

Inventory:

Hand Weapons
 a - a +2 sling (weapon) {Gabriela}
 d - a +0 sling (offhand) {Dagmar}
Armour
 c - a +0 pair of gloves of infusion (worn)
 x - a +1 pair of boots (worn)
 C - a +0 cloak (worn)
 D - a +2 robe of willpower (worn)
 H - a +0 troll leather armour
 L - a +0 helmet (worn)
Wands
 t - a wand of quicksilver (5)
 A - a wand of roots (8)
 K - a wand of digging (4)
Scrolls
 e - a scroll of blinking {unknown}
 f - 2 scrolls of vulnerability
 i - 6 scrolls of fear
 l - 3 scrolls of noise
 o - 2 scrolls of fog
 r - a scroll of enchant weapon
 u - 2 scrolls of teleportation {@r2}
 v - a scroll of immolation {unknown}
 w - 2 scrolls of revelation
 y - a scroll of enchant armour {unknown}
 F - a scroll of silence {unknown}
 G - a scroll of amnesia
Potions
 g - a potion of degeneration {unknown}
 h - a potion of berserk rage {unknown}
 j - a potion of lignification
 k - 2 potions of might
 m - 2 potions of resistance
 n - a potion of heal wounds {@q2}
 p - 3 potions of curing {@q1}
 q - a potion of invisibility {unknown}
 s - 2 potions of haste {unknown}
 B - a potion of ambrosia {unknown}
 I - a potion of mutation {unknown}
 J - a potion of enlightenment {unknown}

Dungeon Overview and Level Annotations

Branches:
Dungeon (10/15)            Temple (1/1) D:6             Orc (0/2) D:9
Ossuary (visited)
   Lair: D:8-11

Altars:
Ashenzari
Cheibriados
Dithmenos
Elyvilon
Fedhas
Gozag
Hepliaklqana
Kikubaaqudgha
Makhleb
Nemelex Xobeh
Okawaru
Qazlal
Ru
Sif Muna
Trog
Uskayaw
Vehumet
Wu Jian
Xom
Yredelemnul
Zin
The Shining One

Shops:
D:2 =([=?   D:6 [   D:8 *   D:9 (   D:10 *

Annotations:
D:5 1 runed translucent door, Crazy Yiuf

▒..▒...▒..▒▒...▒.########........
..▒▒...▒▒..▒...▒.# #........
..▒..▒..▒..▒▒..▒.# #........
.▒▒..▒..▒▒..▒..▒.# #^>......
..[.........▒▒.▒.# #........
.▒▒.....▒▒.....▒.########........
............▒▒.▒..>.......#######
..............†u..........#
▒▒▒▒▒▒▒▒▒▒▒▒▒▒▒▒@)..).....#
.....# #.# #..........#
####.#####.#####..........#
#..........>...........#######
#.......#####.................
#.......# #..........#.#####
####.......# #..........#...#
...........# #......⌠.∩...⌠.#
####|......# #..........#...#


You could see a red ugly thing.


Message History

Press: ? - help, Q - select action, (/) - cycle Shift-Dir - straight line, f/p - polar bear
Aim: a polar bear shaped shifter (almost dead, berserk, 76% to hit)
Okay, then.
Okay, then.
Unknown command.
You feel much better. The red ugly thing gores you.
* * * LOW HITPOINT WARNING * * *
You are engulfed in flames!!
* * * LOW HITPOINT WARNING * * *
Unknown command.
You feel much better. The red ugly thing gores you.
* * * LOW HITPOINT WARNING * * *
You are engulfed in flames!!
* * * LOW HITPOINT WARNING * * *
Unknown command.
Fire: a) +2 sling {Gabriela}
Press: ? - help, Q - select action, (/) - cycle Shift-Dir - straight line, f/p - polar bear
Aim: a polar bear shaped shifter (almost dead, berserk, 76% to hit)
You shoot a sling bullet.
The sling bullet closely misses the red ugly thing.
The sling bullet closely misses the polar bear.
You shoot a sling bullet.
The sling bullet closely misses the red ugly thing.
The sling bullet hits the polar bear.
You kill the polar bear!
Okawaru accepts your kill. The red ugly thing gores you.
* * * LOW HITPOINT WARNING * * *
You are engulfed in flames!
You die...

Skill      XL: |  1  2  3  4  5  6  7  8  9 10 11 |
---------------+----------------------------------+-----
Ranged Weapons | 4 5 6 7 8 10 13 14 | 14.3
Dodging        | 4 6 |  6.0
Fighting       | 3 5 |  5.0
Stealth        | |  0.7
Invocations    | |  0.4

Action                     |  1- 3 |  4- 6 |  7- 9 | 10-12 || total
---------------------------+-------+-------+-------+-------++-------
  Melee: Sling             |       |       |     8 |       ||     8
   Fire: Sling             |   140 |   318 |   932 |   724 ||  2114
    Use: Scroll            |     2 |     2 |     8 |     2 ||    14
         Potion            |       |     1 |     2 |     4 ||     7
 Armour: Leather armour    |     6 |    21 |   123 |     2 ||   152
         Skin              |       |    10 |       |       ||    10
         Robe              |       |       |       |    89 ||    89
  Dodge: Dodged            |     3 |    21 |    84 |   107 ||   215

Levels and vault maps discovered:
D:1:      amcnicky_arrival_wind_blow, layout_loops_ring
D:2:      layout_loops_ring, serial_shops, shop, shop,
          nicolae_shop_temple_entry_statues_fountains, shop,
          nicolae_shop_gaudy_bauble, due_unseen_surprise
D:3:      layout_loops_corners, nicolae_elyvilon_temple_path
D:4:      minmay_evil_eye, layout_cave_pools, overflow_temple_1_default,
          bloody_trog, grunt_temple_overflow_growth_and_decay
D:5:      layout_basic, makhleb_blood_cavern_becter, enter_ossuary_4,
          uniq_crazy_yiuf_cottage
D:6:      layout_basic, nicolae_uskayaw_dance_hall,
          minmay_temple_entry_junction_2, serial_shops,
          nicolae_shop_overgrown_old_shop, minmay_holes, minmay_misc_feat_chi,
          nicolae_nh_ransacked_shop, uniq_grinder
D:7:      layout_loops_corners, marbit_many_paths,
          nicolae_dithmenos_through_a_glass_darkly, minmay_misc_feat_nine_boxes
D:8:      layout_basic, serial_shops, nicolae_shop_hallway_plus,
          kennysheep_generic_room_7, uniq_psyche, uniq_grum
D:9:      layout_cave_pools, ashenzari_conservatory_becter,
          mainiacjoe_overflow_chevrons, serial_shops, shop
D:10:     minmay_tri_box, layout_small_grid, nicolae_qazlal_scattered_showers,
          nicolae_evil_shop
Temple:   jpeg_temple_alley_garden

Notes
Turn   | Place    | Note
-------+----------+-------------------------------------------
     0 | D:1      | Drazool the Coglin Hunter began the quest for the Orb.
     0 | D:1      | Reached XP level 1. HP: 16/16 MP: 1/1
   115 | D:1      | Reached skill level 4 in Ranged Weapons
   115 | D:1      | Reached XP level 2. HP: 22/22 MP: 2/2
   328 | D:1      | Reached XP level 3. HP: 27/27 MP: 3/3
   485 | D:1      | Upgraded the game from 0.32-a0-576-g706899e69d to
                  | 0.32-a0-593-g85ff8e36a1
   679 | D:2      | Found Onlohiyg's Jewellery Emporium.
   688 | D:2      | Found Suuwka's Magic Scroll Shop.
   719 | D:2      | Found Xasuqas's Armour Boutique.
   765 | D:2      | Bought a scroll of identify for 28 gold pieces
   868 | D:2      | Reached skill level 5 in Ranged Weapons
   868 | D:2      | Reached XP level 4. HP: 33/33 MP: 4/4
   936 | D:2      | Found Jiysill's Jewellery Shop.
  1221 | D:2      | Found Jesk's Antique Weapon Boutique.
  1514 | D:3      | Reached XP level 5. HP: 36/38 MP: 5/5
  2016 | D:3      | Reached skill level 6 in Ranged Weapons
  2152 | D:3      | Found a white marble altar of Elyvilon.
  2383 | D:4      | Found a bloodstained altar of Trog.
  2399 | D:4      | Reached XP level 6. HP: 43/44 MP: 6/6
  2556 | D:4      | Found an ancient bone altar of Kikubaaqudgha.
  2556 | D:4      | Found a blossoming altar of Fedhas.
  2596 | D:4      | Reached skill level 7 in Ranged Weapons
  2676 | D:4      | Found a glowing silver altar of Zin.
  2958 | D:4      | Noticed a black bear
  3035 | D:4      | Killed a black bear
  3036 | D:4      | Reached XP level 7. HP: 50/50 MP: 7/7
  3089 | D:5      | Entered Level 5 of the Dungeon
  3098 | D:5      | Noticed Crazy Yiuf
  3119 | D:5      | Reached skill level 8 in Ranged Weapons
  3171 | D:5      | Found a sand-covered staircase.
  3185 | Ossuary  | Entered an ossuary
  3222 | Ossuary  | Reached XP level 8. HP: 48/56 MP: 8/8
  3323 | Ossuary  | Reached skill level 9 in Ranged Weapons
  3936 | Ossuary  | Reached skill level 10 in Ranged Weapons
  4083 | D:2      | Bought a scroll of identify for 28 gold pieces
  4083 | D:2      | Bought a scroll of identify for 28 gold pieces
  4083 | D:2      | Bought a scroll of identify for 28 gold pieces
  4083 | D:2      | Bought a scroll of fear for 56 gold pieces
  4502 | D:5      | Identified 2 potions of resistance
  4674 | D:5      | Found a burning altar of Makhleb.
  4884 | D:5      | Found a runed translucent door.
  4966 | D:6      | Found a staircase to the Ecumenical Temple.
  4984 | Temple   | Entered the Ecumenical Temple
  5076 | D:6      | Reached XP level 9. HP: 61/61 MP: 9/9
  5175 | D:6      | Noticed Grinder
  5185 | D:6      | Killed Grinder
  5186 | D:6      | Reached skill level 11 in Ranged Weapons
  5487 | D:6      | Found Lehyteug's Antique Armour Shop.
  5570 | D:6      | Found a hide-covered altar of Uskayaw.
  5679 | D:6      | Reached skill level 12 in Ranged Weapons
  6810 | D:7      | Found a radiant altar of Vehumet.
  7312 | D:7      | Found a shadowy altar of Dithmenos.
  7624 | D:8      | Reached skill level 13 in Ranged Weapons
  7701 | D:8      | Reached XP level 10. HP: 67/67 MP: 10/10
  7724 | D:8      | Noticed Psyche
  7737 | D:8      | Killed Psyche
  7929 | D:8      | Noticed Grum
  7948 | D:8      | Killed Grum
  8115 | D:6      | Bought a pair of runed gloves for 187 gold pieces
  8396 | D:8      | Reached skill level 14 in Ranged Weapons
  8437 | D:8      | Reached skill level 2 in Dodging
  8445 | D:8      | Reached skill level 3 in Dodging
  8603 | D:8      | Found Racroeg's Assorted Antiques.
  8609 | D:8      | Bought a scroll labelled ALIUFE UTI MUAS for 29 gold pieces
  9077 | D:9      | Found an iron altar of Okawaru.
  9083 | D:9      | Became a worshipper of Warmaster Okawaru
  9328 | D:9      | Reached skill level 4 in Dodging
  9330 | D:9      | Found Sufot's Antique Weapon Emporium.
  9354 | D:9      | Reached skill level 3 in Fighting
  9465 | D:9      | Reached XP level 11. HP: 59/75 MP: 11/11
  9560 | D:9      | Reached skill level 5 in Dodging
  9625 | D:9      | Found a staircase to the Orcish Mines.
  9633 | D:9      | Reached * piety under Okawaru
  9642 | D:9      | Reached skill level 4 in Fighting
  9693 | D:9      | Found a broken altar of Ashenzari.
 10264 | D:10     | Entered Level 10 of the Dungeon
 10274 | D:10     | Reached skill level 6 in Dodging
 10342 | D:10     | Noticed a red ugly thing
 10416 | D:10     | Found a stormy altar of Qazlal.
 10534 | D:10     | Found Louwk's Evil Emporium.
 10607 | D:10     | Reached skill level 5 in Fighting
 10838 | D:10     | HP: 4/79 [red ugly thing (20)]
 10841 | D:10     | Slain by a red ugly thing

Vanquished Creatures
  Psyche (D:8)
  A polar bear (shapeshifter) (D:10)
  2 trolls (D:9)
  Grinder (D:6)
  6 wyverns
  9 yaks (D:8)
  A wraith (D:9)
  A steam dragon (D:9)
  Grum (D:8)
  An acid dragon (D:6)
  A meliai simulacrum (D:10)
  7 orc warriors
  2 sky beasts
  2 black bears
  2 ice beasts
  2 ogres
  3 wolves (D:8)
  2 centaurs (D:9)
  2 phantoms (D:5)
  2 kobold brigands
  3 elf zombies (Ossuary)
  4 scorpions
  6 wights (D:8)
  A burial acolyte (Ossuary)
  4 killer bees (D:8)
  4 howler monkeys
  A centaur zombie (Ossuary)
  A gnoll bouda (D:6)
  A bombardier beetle (D:3)
  3 human zombies (Ossuary)
  3 orc priests
  4 hounds
  7 iguanas
  3 jellies
  4 sleepcaps
  11 orc wizards
  A human skeleton (D:5)
  2 crocodile zombies (Ossuary)
  A hound zombie (Ossuary)
  A hound skeleton (D:5)
  3 mummies (Ossuary)
  9 gnolls
  7 adders
  2 shadow imps (D:5)
  3 adder zombies (Ossuary)
  3 dart slugs
  A ribbon worm (D:2)
  32 orcs
  4 bats
  9 endoplasms
  5 giant cockroaches
  A gnoll zombie (Ossuary)
  8 goblins
  4 hobgoblins
  2 jackals (D:1)
  5 quokkas
  7 ball pythons
  4 ball python zombies (Ossuary)
  5 frilled lizards
  A jackal zombie (Ossuary)
  15 kobolds
  7 kobold zombies (Ossuary)
  An orc zombie (Ossuary)
  10 rats
  2 rat zombies (D:5)
264 creatures vanquished.

Table legend: (Time is in decaauts)
 A = Elapsed time spent in this place.
 B = Non-inter-level travel time spent in this place.
 C = Inter-level travel time spent in this place.
 D = Time resting spent in this place.
 E = Time spent auto-exploring this place.
 F = Levels seen in this place.
 G = Mean time per level.
                   A        B        C        D        E       F      G
               +--------+--------+--------+--------+--------+-----+--------+
         Total |  10745 |  10017 |    728 |    981 |   6973 |  12 |  895.4 |
       Dungeon |   9857 |   9153 |    704 |    809 |   6611 |  10 |  985.7 |
        Temple |     76 |     52 |     24 |      0 |     28 |   1 |   76.0 |
       Ossuary |    811 |    811 |      0 |    172 |    334 |   1 |  811.0 |
               +--------+--------+--------+--------+--------+-----+--------+

Top non-repeatable levels by time:
     D:8: 1636 daAuts
     D:6: 1309 daAuts
     D:7: 1273 daAuts
     D:3: 1083 daAuts
     D:9: 993 daAuts
     D:5: 834 daAuts
     D:4: 831 daAuts
 Ossuary: 811 daAuts
     D:2: 705 daAuts
     D:1: 689 daAuts
    D:10: 500 daAuts
  Temple: 76 daAuts

Table legend:
 A = Non-vault XP
 B = Vault XP
 C = Vault XP percentage of total XP
 D = Non-vault monster count
 E = Vault monster count
 F = Vault count percentage of total count
                 A         B        C        D         E       F
            +---------+---------+-------+---------+---------+-------
      Total |    9400 |    2772 |  22.8 |     210 |      54 |  20.5
            +---------+---------+-------+---------+---------+-------
        D:1 |      47 |       0 |   0.0 |      28 |       0 |   0.0
        D:2 |     106 |       0 |   0.0 |      24 |       0 |   0.0
        D:3 |     105 |       0 |   0.0 |      17 |       0 |   0.0
        D:4 |     432 |      69 |  13.8 |      22 |       6 |  21.4
        D:5 |     786 |      55 |   6.5 |      15 |       4 |  21.1
        D:6 |     895 |     461 |  34.0 |      23 |       4 |  14.8
        D:7 |     704 |     116 |  14.1 |      18 |       1 |   5.3
        D:8 |    3077 |     941 |  23.4 |      28 |       6 |  17.6
        D:9 |    2662 |       0 |   0.0 |      28 |       0 |   0.0
       D:10 |     586 |     441 |  42.9 |       7 |       2 |  22.2
    Ossuary |       0 |     689 | 100.0 |       0 |      31 | 100.0
            +---------+---------+-------+---------+---------+-------
